 Dungeon Crawl Stone Soup version 0.27-a0-334-g52645efa06 (webtiles) character file.

Game seed: 16168605764123443554

1304 foci the Chopper (level 8, -5/49 HPs)
             Began as a Gargoyle Fighter on Feb 13, 2021.
             Was an Initiate of Makhleb.
             Engulfed by a steam dragon's steam (14 damage)
             ... on level 6 of the Dungeon.
             The game lasted 00:10:00 (6283 turns).

foci the Chopper (Gargoyle Fighter)                 Turns: 6283, Time: 00:10:01

Health: -5/49      AC: 15    Str: 21    XL:     8   Next: 57%
Magic:  17/17      EV:  8    Int:  9    God:    Makhleb [......]
Gold:   395        SH: 10    Dex: 10    Spells: 7/7 levels left

rFire    . . .     SeeInvis .   a - +0 war axe
rCold    . . .     Faith    .   c - +0 kite shield
rNeg     + . .     Spirit   .   b - +0 scale mail
rPois    ∞         Reflect  .   (no helmet)
rElec    +         Harm     .   s - +0 cloak
rCorr    .         Rampage  .   g - +0 pair of gloves
Will     .....                  (no boots)
Stlth    ..........             (no amulet)
HPRegen  0.16/turn              v - ring of magical power
MPRegen  0.15/turn              (no ring)

@: no status effects
A: negative energy resistance 1, electricity resistance, unbreathing,
petrification resistance, miasma immunity, AC +5
a: Renounce Religion


You were on level 6 of the Dungeon.
You worshipped Makhleb.
Makhleb was noncommittal.
You visited 2 branches of the dungeon, and saw 7 of its levels.

You collected 395 gold pieces.

Inventory:

Hand Weapons
 a - a +0 war axe (weapon)
Missiles
 B - 4 silver boomerangs (quivered)
Armour
 b - a +0 scale mail (worn)
 c - a +0 kite shield (worn)
 g - a +0 pair of gloves (worn)
 m - a +0 chain mail
 s - a +0 cloak (worn)
Jewellery
 j - a +6 ring of dexterity {unknown}
 v - a ring of magical power (left hand)
Wands
 k - a wand of mindburst (15)
 o - a wand of flame (7)
 y - a wand of charming (7)
Scrolls
 e - 4 scrolls of amnesia
 f - a scroll of magic mapping
 l - a scroll of enchant weapon {unknown}
 q - 4 scrolls of fog
 u - a scroll of vulnerability {unknown}
 x - a scroll of enchant armour
 z - 2 scrolls of teleportation
 C - a scroll of identify
Potions
 d - a potion of degeneration {unknown}
 h - a potion of heal wounds
 i - a potion of invisibility {unknown}
 n - a potion of flight {unknown}
 p - 2 potions of curing {unknown}
 r - a potion of cancellation
 t - 2 potions of mutation {unknown}
 w - a potion of brilliance {unknown}
 A - a potion of resistance {unknown}
 D - a potion of haste {unknown}


   Skills:
 + Level 5.2 Fighting
 + Level 6.6 Axes
 + Level 5.3 Armour
 + Level 2.7 Dodging
 - Level 5.0 Shields


You had 7 spell levels left.
You didn't know any spells.
Your spell library contained the following spells:

 Spells                   Type           Power        Failure   Level
 Foxfire                  Conj/Fire      0%           98%         1
 Conjure Flame            Conj/Fire      0%           100%        3
 Inner Flame              Hex/Fire       0%           100%        3
 Sticky Flame             Conj/Fire      0%           100%        4
 Fireball                 Conj/Fire      0%           100%        5


Dungeon Overview and Level Annotations

Branches:
Dungeon (6/15)             Temple (1/1) D:5

Altars:
Ashenzari
Dithmenos
Fedhas
Gozag
Hepliaklqana
Kikubaaqudgha
Makhleb
Nemelex Xobeh
Qazlal
Ru
Sif Muna
Trog
Uskayaw
Vehumet
Wu Jian
Xom
Yredelemnul
Zin
The Shining One


Innate Abilities, Weirdness & Mutations

You are resistant to torment.
Your stone body is resilient. (AC +5)
You are immune to poison.
You resist negative energy. (rN+)
You are resistant to electric shocks. (rElec)
You can survive without breathing.
You are immune to petrification.
You are immune to miasma.


Message History

The steam dragon dies!
The ball of steam hits you.
* * * LOW HITPOINT WARNING * * *
You feel much better.
You are engulfed in a cloud of scalding steam.
You block the steam dragon's attack.
The steam dragon claws you but does no damage.
You hit the steam dragon.
The steam dragon is lightly wounded.
You are engulfed in a cloud of scalding steam.
The steam dragon barely misses you.
The steam dragon claws you but does no damage.
You closely miss the steam dragon.
The steam dragon is lightly wounded.
You are engulfed in a cloud of scalding steam.
You block the steam dragon's attack. x2
You hit the steam dragon.
The steam dragon is moderately wounded.
You are engulfed in a cloud of scalding steam.
You block the steam dragon's attack.
The steam dragon claws you but does no damage.
You block the steam dragon's attack. The steam dragon barely misses you.
You hit the steam dragon but do no damage.
The steam dragon is moderately wounded.
The steam dragon bites you but does no damage.
You block the steam dragon's attack.
You hit the steam dragon.
The steam dragon is heavily wounded.
The steam dragon barely misses you.
The steam dragon claws you but does no damage.
You hit the steam dragon but do no damage.
The steam dragon is heavily wounded.
The steam dragon breathes steam at you. The ball of steam hits you!!
* * * LOW HITPOINT WARNING * * *
The steam dragon closely misses you. The steam dragon barely misses you.
You slash the steam dragon!
The steam dragon is severely wounded.
You are engulfed in a cloud of scalding steam.
You die...

###.#.....##.....### #...#.......
#.........##....##...###.....#...
##.###.........## ≈..^P#..####...
.#.#...........# ....≈##..#.....
...............# ....PP##.......
...............# ....≈.###......
...............## .≈.P.##.#...##.
...<..........§.##...^.#.#....#..
#....###....##§§@D# ##.##.....#
####..##...##.....# #..##...##.
..................# #........#.
...##...#.$.#.....# #....#.....
.#.##.#####.#.....# #..###....#
.......####....##.# #.####.##..
..............##..# ##..##......
....##........ .## #..........#
.....#.#.##... ###.......##


You could see a steam dragon (catching breath).

Vanquished Creatures
  Eustachio (D:6)
  Edmund (D:4)
  An ogre (D:4)
  A bullfrog (D:6)
  A scorpion (D:4)
  A howler monkey (D:4)
  A hound (D:6)
  A jelly (D:6)
  4 orc priests
  Crazy Yiuf (D:2)
  A centaur skeleton (D:6)
  An orc wizard (D:5)
  4 worker ants
  Natasha (thrice) (D:2)
  A hound skeleton (D:4)
  7 adders
  5 gnolls
  A shadow imp (D:6)
  A white imp (D:5)
  2 oozes (D:2)
  4 worms
  3 dart slugs (D:1)
  4 leopard geckos
  17 orcs
  A ball python (D:3)
  3 giant cockroaches
  16 goblins
  7 hobgoblins
  17 jackals
  5 kobolds
  2 quokkas
  7 bats
  8 frilled lizards
  A jackal skeleton (D:6)
  A leopard gecko skeleton (D:4)
  9 rats
144 creatures vanquished.

Vanquished Creatures (others)
  A steam dragon (D:6)
  2 fungi (D:6)
  4 toadstools (D:1)
7 creatures vanquished.

Grand Total: 151 creatures vanquished

Notes
Turn   | Place    | Note
-------+----------+-------------------------------------------
     0 | D:1      | foci the Gargoyle Fighter began the quest for the Orb.
     0 | D:1      | Reached XP level 1. HP: 14/14 MP: 1/1
   229 | D:1      | Reached XP level 2. HP: 18/19 MP: 2/2
   260 | D:1      | Reached skill level 2 in Axes
   388 | D:1      | Reached XP level 3. HP: 22/23 MP: 3/3
   907 | D:2      | Noticed Natasha
   915 | D:2      | Killed Natasha
   916 | D:2      | Reached XP level 4. HP: 8/28 MP: 4/4
  1208 | D:2      | You fall into a shaft and drop 2 floors!
  1231 | D:4      | Noticed an ogre
  1234 | D:4      | Reached skill level 3 in Axes
  1234 | D:4      | Reached XP level 5. HP: 29/33 MP: 5/5
  1265 | D:4      | Killed an ogre
  1266 | D:4      | Reached skill level 1 in Dodging
  1266 | D:4      | Reached XP level 6. HP: 4/38 MP: 6/6
  1580 | D:4      | Reached skill level 4 in Axes
  1679 | D:4      | Noticed Edmund
  1701 | D:4      | Killed Edmund
  1702 | D:4      | Reached XP level 7. HP: 32/44 MP: 7/7
  2165 | D:3      | Found an ornate altar of the Wu Jian Council.
  2167 | D:3      | Found an ancient bone altar of Kikubaaqudgha.
  2167 | D:3      | Found a shimmering altar of Xom.
  2167 | D:3      | Found a sacrificial altar of Ru.
  2289 | D:2      | Noticed Natasha
  2292 | D:2      | Killed Natasha
  2354 | D:2      | Found a radiant altar of Vehumet.
  2585 | D:2      | Noticed Natasha
  2592 | D:2      | Reached skill level 5 in Shields
  2592 | D:2      | Killed Natasha
  2593 | D:2      | Found a glowing golden altar of the Shining One.
  2802 | D:2      | Reached skill level 5 in Axes
  3077 | D:2      | Found a runed translucent door.
  3078 | D:2      | Noticed Crazy Yiuf
  3086 | D:2      | Killed Crazy Yiuf
  3378 | D:3      | Found a hide-covered altar of Uskayaw.
  3886 | D:4      | Found a sparkling altar of Nemelex Xobeh.
  4044 | D:5      | Entered Level 5 of the Dungeon
  4471 | D:5      | Found a staircase to the Ecumenical Temple.
  4482 | Temple   | Entered the Ecumenical Temple
  4535 | Temple   | Became a worshipper of Makhleb the Destroyer
  5381 | D:6      | Noticed Eustachio
  5417 | D:6      | Killed Eustachio
  5418 | D:6      | Reached skill level 5 in Armour
  5418 | D:6      | Reached XP level 8. HP: 18/48 MP: 8/8
  5735 | D:6      | Found a shadowy altar of Dithmenos.
  5764 | D:6      | Reached skill level 6 in Axes
  5870 | D:6      | Found a bloodstained altar of Trog.
  5885 | D:6      | Reached skill level 5 in Fighting
  6283 | D:6      | Engulfed by a steam dragon's steam

Illustrated notes

Levels and vault maps discovered:
D:1:      ldierk_walled_garden_2, layout_rooms
D:2:      layout_basic, marbit_many_paths, nicolae_overflow_crystal_walls,
          minivault_11, uniq_crazy_yiuf_cottage, uniq_natasha
D:3:      layout_basic, grunt_temple_overflow_open, lemuel_round_altar
D:4:      kennysheep_the_goblin_king, layout_loops_ring,
          nemelex_xobeh_ov_fountains_minmay, minmay_misc_feat_cross, uniq_edmund
D:5:      kennysheep_spiral_hall, layout_basic, minmay_temple_entry_wispy
D:6:      kennysheep_steamy, layout_cave_pools, lemuel_crystal_altar, hex_tiny,
          amcnicky_altar_gilded, uniq_eustachio
Temple:   eino_wide_crystal_templ

Skill      XL: |  1  2  3  4  5  6  7  8 |
---------------+-------------------------+-----
Axes           | 2 3 4 5 6 |  6.6
Shields        | 4 5 |  5.0
Fighting       | 4 5 |  5.2
Armour         | 4 5 |  5.3
Dodging        | 1 2 |  2.7

Action                   |  1- 3 |  4- 6 |  7- 9 || total
-------------------------+-------+-------+-------++-------
Melee: War axe           |   119 |    83 |   271 ||   473
  Use: Potion            |       |     3 |     1 ||     4
       Scroll            |       |       |     7 ||     7
Armor: Scale mail        |   115 |    66 |   240 ||   421
Dodge: Dodged            |    81 |    51 |   150 ||   282
Block: Kite shield       |    99 |    56 |   203 ||   358

Table legend: (Time is in decaauts)
 A = Elapsed time spent in this place.
 B = Non-inter-level travel time spent in this place.
 C = Inter-level travel time spent in this place.
 D = Time resting spent in this place.
 E = Time spent auto-exploring this place.
 F = Levels seen in this place.
 G = Mean time per level.
                   A        B        C        D        E       F      G
               +--------+--------+--------+--------+--------+-----+--------+
         Total |   6535 |   6255 |    280 |      0 |   4863 |   7 |  933.6 |
       Dungeon |   6458 |   6201 |    257 |      0 |   4813 |   6 | 1076.3 |
        Temple |     76 |     53 |     23 |      0 |     50 |   1 |   76.0 |
               +--------+--------+--------+--------+--------+-----+--------+

Top non-repeatable levels by time:
     D:5: 1266 daAuts
     D:2: 1239 daAuts
     D:3: 1027 daAuts
     D:4: 988 daAuts
     D:1: 978 daAuts
     D:6: 958 daAuts
  Temple: 76 daAuts
